 Dungeon Crawl Stone Soup version 0.27.1-33-g824d729ab1 (webtiles) character file.

Game seed: 425526175526792765

3029 alasdair19 the Carver (level 9, -6/75 HPs)
             Began as a Minotaur Fighter on Dec 11, 2021.
             Was a Priest of Okawaru.
             Mangled by a boulder beetle (21 damage)
             ... on level 8 of the Dungeon.
             The game lasted 00:20:48 (8504 turns).

alasdair19 the Carver (Minotaur Fighter)            Turns: 8504, Time: 00:20:48

Health: -6/75      AC: 13    Str: 22    XL:     9   Next: 56%
Magic:  11/11      EV: 10    Int:  6    God:    Okawaru [***...]
Gold:   305        SH: 11    Dex: 11    Spells: 8/8 levels left

rFire    . . .     SeeInvis +   a - +0 long sword
rCold    . . .     Faith    .   c - +0 kite shield
rNeg     . . .     Spirit   .   k - +0 chain mail
rPois    .         Reflect  .   (helmet restricted)
rElec    .         Harm     .   C - scarf {shadows}
rCorr    .         Rampage  .   (no gloves)
Will     .....                  j - +2 pair of boots
Stlth    ..........             D - amulet of the acrobat
HPRegen  0.22/turn              s - +4 ring of evasion
MPRegen  0.12/turn              u - ring of see invisible

@: studying Shields
A: horns 2, retaliatory headbutt
a: Renounce Religion, Heroism


You were on level 8 of the Dungeon.
You worshipped Okawaru.
Okawaru was most pleased with you.
You visited 1 branch of the dungeon, and saw 9 of its levels.

You collected 465 gold pieces.
You spent 160 gold pieces at shops.

Inventory:

Hand Weapons
 a - a +0 long sword (weapon)
 x - a +2 whip of electrocution
 I - a +5 short sword
Missiles
 d - 5 datura-tipped darts
 l - 14 poisoned darts (quivered)
 m - 5 javelins
 B - 7 curare-tipped darts
Armour
 c - a +0 kite shield (worn)
 j - a +2 pair of boots (worn)
 k - a +0 chain mail (worn)
 C - a scarf of shadows (worn)
Jewellery
 s - a +4 ring of evasion (left hand)
 u - a ring of see invisible (right hand)
 y - a ring of ice
 D - an amulet of the acrobat (around neck)
Wands
 h - a wand of flame (11)
 q - a wand of acid (8)
 w - a wand of mindburst (21)
Scrolls
 b - a scroll of vulnerability {unknown}
 e - 3 scrolls of fog
 g - 2 scrolls of holy word {unknown}
 i - 3 scrolls of amnesia
 o - 4 scrolls of teleportation {unknown}
 p - 2 scrolls of enchant armour
 A - 2 scrolls of blinking {unknown}
 E - a scroll of magic mapping
 G - a scroll of silence
Potions
 f - a potion of mutation
 n - a potion of ambrosia
 r - a potion of flight
 t - a potion of berserk rage
 v - a potion of curing
 z - 2 potions of lignification
 K - a potion of resistance


   Skills:
 + Level 6.2 Fighting
 + Level 9.3 Long Blades
 + Level 3.9 Throwing
 + Level 7.0 Armour
 - Level 0.2 Dodging
 + Level 7.2 Shields
 * Level 5.1 Invocations
 - Level 2.0 Evocations


You had 8 spell levels left.
You didn't know any spells.
Your spell library contained the following spells:

 Spells                   Type           Power      Damage    Failure   Level
 Foxfire                  Conj/Fire      0%         2x1d4     100%        1
 Conjure Flame            Conj/Fire      0%         6-21      100%        3
 Gell's Gravitas          Tloc           0%         N/A       100%        3
 Inner Flame              Hex/Fire       0%         N/A       100%        3
 Lesser Beckoning         Tloc           0%         N/A       100%        3
 Teleport Other           Tloc           0%         N/A       100%        3
 Summon Forest            Summ/Tloc      0%         N/A       100%        5
 Eringya's Noxious Bog    Tmut/Pois      0%         N/A       100%        6
 Summon Hydra             Summ           0%         N/A       100%        7


Dungeon Overview and Level Annotations

Branches:
Dungeon (9/15)             Temple (0/1) D:7
   Lair: D:8-11         Orc: D:9-12

Altars:
Dithmenos
Gozag
Hepliaklqana
Nemelex Xobeh
Okawaru
Ru
Trog
Uskayaw
Wu Jian
Xom
The Shining One
Jiyva

Shops:
D:8 ?

Annotations:
D:8 2 transporters


Innate Abilities, Weirdness & Mutations

You have a pair of horns on your head.
You reflexively headbutt those who attack you in melee.


Message History

You block the boulder beetle's attack.
You hit the boulder beetle but do no damage.
The boulder beetle is lightly wounded.
The boulder beetle misses you.
You completely miss the boulder beetle. You headbutt the boulder beetle!
The boulder beetle is moderately wounded.
You block the boulder beetle's attack.
You hit the boulder beetle but do no damage.
You headbutt the boulder beetle, but do no damage.
The boulder beetle is moderately wounded.
You block the boulder beetle's attack.
You hit the boulder beetle. You headbutt the boulder beetle.
The boulder beetle is moderately wounded.
The boulder beetle leaps!
The boulder beetle curls into a ball and begins rolling!
Throw: 15 darts (poison)
Press: ? - help, Q - select action, (/) - cycle Shift-Dir - straight line, f - boulder beetle
Aim: a boulder beetle (moderately wounded, rolling, 89% to hit)
You throw a poisoned dart.
The poisoned dart hits the boulder beetle.
The boulder beetle is poisoned.
The boulder beetle is moderately wounded.
The boulder beetle hits you!!!
Ouch! That really hurt!
* * * LOW HITPOINT WARNING * * *
The boulder beetle stops rolling and uncurls.
You feel much better. You block the boulder beetle's attack.
You hit the boulder beetle.
You headbutt the boulder beetle, but do no damage.
The boulder beetle is moderately wounded.
The boulder beetle bites you but does no damage.
You hit the boulder beetle.
The boulder beetle is heavily wounded.
The boulder beetle bites you!
* * * LOW HITPOINT WARNING * * *
You hit the boulder beetle but do no damage.
Your headbutt misses the boulder beetle.
The boulder beetle is heavily wounded.
The boulder beetle bites you!!
You die...

..# ..# ..# ..##
############## ...##
##..>..##.....## ##..##
##..............## ##.[#
#................# ##.###
#................# #...#
#.....B@.........#
###.###................#
####.......(..............#
.....#....................#
#########................##
####.......#.....##.....##
.....#####.##############
.##### #.## ## #..#


You could see a boulder beetle (poisoned).

Vanquished Creatures
  Pikel (D:6)
  A steam dragon (D:6)
  A water moccasin (D:6)
  An ice beast (D:5)
  2 necrophages
  2 ogres
  2 lemures (D:6)
  A phantom (D:6)
  4 centaurs
  Blork the orc (D:4)
  3 bullfrogs
  A gnoll sergeant (D:8)
  2 scorpions
  A water moccasin skeleton (D:6)
  7 wights
  A howler monkey (D:7)
  4 hounds (D:6)
  A jelly (D:7)
  An orc priest (D:8)
  A gnoll shaman (D:6)
  2 bullfrog skeletons (D:6)
  2 iguanas
  4 orc wizards
  A howler monkey zombie (D:7)
  Robin (D:2)
  A hound skeleton (D:3)
  A howler monkey skeleton (D:6)
  5 adders
  4 gnolls (D:8)
  2 shadow imps (D:7)
  2 adder skeletons (D:4)
  2 worms
  4 dart slugs
  29 orcs
  8 ball pythons
  5 endoplasms
  3 giant cockroaches
  20 goblins
  11 hobgoblins
  6 jackals
  5 quokkas
  6 bats
  8 frilled lizards
  5 kobolds
  5 rats
180 creatures vanquished.

Notes
Turn   | Place    | Note
-------+----------+-------------------------------------------
     0 | D:1      | alasdair19 the Minotaur Fighter began the quest for the
                  | Orb.
     0 | D:1      | Reached XP level 1. HP: 19/19 MP: 0/0
   197 | D:1      | Reached XP level 2. HP: 19/27 MP: 1/1
   677 | D:1      | Reached XP level 3. HP: 29/33 MP: 2/2
   944 | D:2      | Reached skill level 3 in Long Blades
  1103 | D:2      | Noticed Robin
  1116 | D:2      | Killed Robin
  1339 | D:2      | Reached XP level 4. HP: 24/40 MP: 3/3
  1614 | D:2      | Found an iron altar of Okawaru.
  1621 | D:2      | Became a worshipper of Warmaster Okawaru
  2361 | D:3      | Found an iron altar of Okawaru.
  2596 | D:3      | Found an ornate altar of the Wu Jian Council.
  2603 | D:3      | Noticed a spectral centipede
  2603 | D:3      | Noticed a spectral black mamba
  2603 | D:3      | Noticed a spectral cane toad
  2684 | D:3      | Found a sacrificial altar of Ru.
  2778 | D:3      | Noticed a necrophage
  2788 | D:3      | Killed a necrophage
  2789 | D:3      | Reached skill level 4 in Long Blades
  2789 | D:3      | Reached skill level 1 in Invocations
  2789 | D:3      | Reached skill level 1 in Evocations
  2789 | D:3      | Reached XP level 5. HP: 27/46 MP: 4/4
  2967 | D:3      | Reached skill level 1 in Throwing
  3329 | D:4      | Noticed an ogre
  3339 | D:4      | Killed an ogre
  3340 | D:4      | Reached XP level 6. HP: 13/52 MP: 4/6
  3545 | D:4      | Noticed Blork the orc
  3555 | D:4      | Killed Blork the orc
  3555 | D:4      | Reached * piety under Okawaru
  3556 | D:4      | Reached skill level 5 in Armour
  3556 | D:4      | Reached skill level 5 in Shields
  3863 | D:4      | Reached skill level 5 in Long Blades
  4094 | D:5      | Entered Level 5 of the Dungeon
  4325 | D:5      | Reached XP level 7. HP: 54/60 MP: 7/7
  4927 | D:5      | Noticed a shadow
  4928 | D:5      | Found a shadowy altar of Dithmenos.
  4929 | D:5      | Found a hazy altar of Hepliaklqana.
  5398 | D:6      | Reached skill level 6 in Long Blades
  5505 | D:6      | Noticed Pikel
  5509 | D:6      | Reached XP level 8. HP: 67/67 MP: 9/9
  5522 | D:6      | Killed Pikel
  5522 | D:6      | Reached ** piety under Okawaru
  5523 | D:6      | Reached skill level 5 in Fighting
  5523 | D:6      | Reached skill level 7 in Long Blades
  5776 | D:6      | Found a hide-covered altar of Uskayaw.
  5782 | D:6      | Found an opulent altar of Gozag.
  5869 | D:6      | Reached *** piety under Okawaru
  5870 | D:6      | Reached skill level 8 in Long Blades
  5935 | D:6      | Reached XP level 9. HP: 72/74 MP: 11/11
  6618 | D:7      | Found a sparkling altar of Nemelex Xobeh.
  6619 | D:7      | Found a shimmering altar of Xom.
  6952 | D:7      | Found a staircase to the Ecumenical Temple.
  7646 | D:8      | Reached skill level 9 in Long Blades
  7770 | D:8      | Reached skill level 5 in Invocations
  7868 | D:8      | Found a transporter.
  7873 | D:8      | Found a transporter.
  7873 | D:8      | Found a viscous altar of Jiyva.
  7936 | D:8      | Found a glowing golden altar of the Shining One.
  7977 | D:8      | Found Musax's Magic Scroll Emporium.
  7984 | D:8      | Bought a scroll of identify for 32 gold pieces
  7984 | D:8      | Bought a scroll of identify for 32 gold pieces
  7984 | D:8      | Bought a scroll of identify for 32 gold pieces
  7985 | D:8      | Identified a scroll of acquirement
  7996 | D:8      | Bought a scroll of identify for 32 gold pieces
  7996 | D:8      | Bought a scroll of identify for 32 gold pieces
  8001 | D:8      | Acquired a manual of Shields
  8052 | D:8      | Found a bloodstained altar of Trog.
  8468 | D:9      | Noticed a boulder beetle
  8468 | D:9      | Noticed a troll
  8500 | D:8      | HP: 3/75 [boulder beetle (49)]
  8504 | D:8      | Mangled by a boulder beetle

Illustrated notes

Levels and vault maps discovered:
D:1:      doesnt_arrival_eight_statues, layout_basic,
          hangedman_abyss_or_decor_lesser_grid, chequers_serial_rivers_small_b
D:2:      minmay_wonky_spiral, layout_basic, basic_altar, uniq_robin
D:3:      layout_loops_ring, nicolae_ru_path_of_blood,
          pdpol_wu_jian_five_deadly_venoms, okawaru_ov_weapons_minmay,
          grunt_ministairs_5, kennysheep_generic_room_13
D:4:      layout_basic, uniq_blork_the_orc
D:5:      layout_basic, riverfiend_overflow_shadow_ancestor
D:6:      layout_gridville, mainiacjoe_overflow_large_starburst,
          kennysheep_opposing_triangles, uniq_pikel
D:7:      layout_basic, gammafunk_temple_overflow_pools,
          minmay_temple_entry_overgrown
D:8:      gammafunk_jiyva_shrine, layout_rooms,
          mainiacjoe_overflow_cross_hatched, tso_altar, serial_shops, shop
D:9:      layout_stronghold, slow_altar_2, zin_purify, nzn_sisyphean_effort

Skill      XL: |  1  2  3  4  5  6  7  8  9 |
---------------+----------------------------+-----
Fighting       | 4 5 6 |  6.2
Shields        | 4 5 6 7 |  7.2
Armour         | 4 5 6 7 |  7.0
Long Blades    | 3 4 5 6 8 9 |  9.3
Invocations    | 1 2 4 5 |  5.1
Evocations     | 1 2 |  2.0
Throwing       | 1 2 3 |  3.9
Dodging        | |  0.2

Action                   |  1- 3 |  4- 6 |  7- 9 || total
-------------------------+-------+-------+-------++-------
Melee: Long sword        |    88 |   164 |   221 ||   473
       Headbutt          |    13 |    20 |    58 ||    91
Throw: Dart              |       |     8 |    20 ||    28
Invok: Heroism           |       |       |     2 ||     2
Evoke: Wand              |       |       |     3 ||     3
  Use: Scroll            |     1 |     3 |    13 ||    17
       Potion            |     1 |     2 |     1 ||     4
Armor: Scale mail        |    40 |    14 |       ||    54
       Chain mail        |       |    57 |    99 ||   156
Dodge: Dodged            |    29 |    38 |   100 ||   167
Block: Kite shield       |    49 |    77 |   139 ||   265
       Rpst.: Long sword |     8 |    12 |    28 ||    48
